 Dungeon Crawl Stone Soup version 0.29.1-15-g9cfb28693d (webtiles) character file.

Game seed: 10769076916536112807

764 GimliDwarf the Destroyer (level 7, 0/36 HPs)
             Began as a Tengu Conjurer on Dec 15, 2023.
             Was an Initiate of Qazlal.
             Slain by a yak (13 damage)
             ... on level 4 of the Dungeon.
             The game lasted 00:12:59 (5059 turns).

GimliDwarf the Destroyer (Tengu Conjurer)           Turns: 5059, Time: 00:12:59

Health: 0/36       AC:  3    Str: 13    XL:     7   Next: 81%
Magic:  9/15       EV: 14    Int: 21    God:    Qazlal [......]
Gold:   170        SH:  0    Dex: 12    Spells: 12/15 levels left

rFire   . . .      SeeInvis .   g - staff of conjuration
rCold   . . .      Faith    .   (no shield)
rNeg    . . .      Spirit   .   a - +1 robe
rPois   .          Reflect  .   (helmet restricted)
rElec   .          Harm     .   (no cloak)
rCorr   .          Rampage  .   (no gloves)
Will    .....                   (boots unavailable)
Stlth   ++........              (no amulet)
HPRegen 0.12/turn               i - +6 ring of strength
MPRegen 0.14/turn               (no ring)

@: flying quickly and evasively, quick
A: beak, talons 3, nimble flight
a: Renounce Religion


You were on level 4 of the Dungeon.
You worshipped Qazlal.
Qazlal was noncommittal.
You visited 2 branches of the dungeon, and saw 6 of its levels.

You collected 170 gold pieces.

Inventory:

Missiles
 h - 6 poisoned darts
Armour
 a - a +1 robe (worn)
Magical Staves
 e - a staff of poison
 f - a staff of air
 g - a staff of conjuration (weapon)
Jewellery
 i - a +6 ring of strength (left hand)
Scrolls
 j - a scroll of poison
 k - a scroll of brand weapon {unknown}
 l - a scroll of enchant armour
Potions
 b - a potion of magic
 d - 3 potions of curing
 m - a potion of brilliance
 n - a potion of invisibility
 o - a potion of haste
 p - a potion of ambrosia
 q - a potion of lignification


   Skills:
 * Level 2.4 Staves
 * Level 2.4 Armour
 - Level 2.3 Dodging
 - Level 2.0 Stealth
 * Level 4.6 Spellcasting
 * Level 8.8 Conjurations
 * Level 2.1 Evocations


You had 12 spell levels left.
You knew the following spells:

 Your Spells              Type           Power      Damage    Failure   Level
a - Magic Dart            Conj           100%       1d8       1%          1
b - Searing Ray           Conj           100%       2d8       1%          2

Your spell library contained the following spells:

 Spells                   Type           Power      Damage    Failure   Level
 Conjure Flame            Conj/Fire      35%        6-21      5%          3
 Dazzling Flash           Conj/Hex       70%        N/A       5%          3
 Necrotise                Necr           16%        1d4       11%         1
 Fulminant Prism          Conj/Hex       17%        3d11      19%         4
 Iskenderun's Mystic Bla  Conj/Tloc      35%        2d8       19%         4
 Sticky Flame             Conj/Fire      35%        2d5       19%         4
 Gell's Gravitas          Tloc           4%         N/A       32%         3
 Ignite Poison            Fire/Tmut/Pois 4%         N/A       32%         3
 Teleport Other           Tloc           4%         N/A       32%         3
 Vampiric Draining        Necr           4%         2d6       32%         3
 Agony                    Necr           4%         N/A       97%         5
 Dispersal                Tloc           2%         N/A       100%        6


Dungeon Overview and Level Annotations

Branches:
Dungeon (5/15)             Temple (1/1) D:4

Altars:
Ashenzari
Cheibriados
Elyvilon
Fedhas
Hepliaklqana
Nemelex Xobeh
Okawaru
Qazlal
Ru
Sif Muna
Trog
Uskayaw
Vehumet
Wu Jian
Xom
Zin
The Shining One

Annotations:
D:5 Eustachio, Grinder


Innate Abilities, Weirdness & Mutations

You have a beak for a mouth.
You have claws for feet.
Your magical nature lets you fly swiftly and evasively.


Message History

You fly downwards.
Level annotation: Eustachio, Grinder The yak gores you!
The rat closely misses you. The yak gores you but does no damage.
There is a stone staircase leading up, spattered with blood here.
The rat closely misses you. The yak barely misses you.
You fly upwards.
There is a stone staircase leading down, spattered with blood here.
The rat bites you but does no damage. The yak gores you.
The rat closely misses you.
Casting: Searing Ray (safe; 1% risk of failure)
Confirm with . or Enter, or press ? or * to list all spells.
Aiming: Searing Ray (safe; 1% risk of failure)
Press: ? - help, Shift-Dir - straight line, f - yak
Aim: a yak (90% to hit)
You feel a surge of power!
The searing ray hits the yak!
The yak is moderately wounded. (Press . to maintain the ray.)
The searing ray hits the yak.
The yak is moderately wounded.
The searing ray hits the yak.
The yak is heavily wounded.
The searing ray hits the rat!
You kill the rat!
Qazlal accepts your kill. The yak gores you!
Casting: Searing Ray (safe; 1% risk of failure)
Confirm with . or Enter, or press ? or * to list all spells.
Aiming: Searing Ray (safe; 1% risk of failure)
Press: ? - help, Shift-Dir - straight line, f/p - yak
Aim: a yak (heavily wounded, 90% to hit)
You feel a surge of power!
The searing ray hits the yak!
The yak is severely wounded. (Press . to maintain the ray.)
The searing ray hits the yak.
The yak is severely wounded.
The searing ray hits the yak!
The yak is almost dead.
The yak gores you!
You die...

### #.# # ##.# ### ###..# #..
.##..# #.# <.#..# ###########
##.# ..#..# #......Y@.#
#######..# ..#..####.#######.####
#.......## .†........#
#....###......... #...#######
######.##...♣♣.♣♣.. ....#
#....#....♣.)♣.♣..♣ ....#####
#....##...♣♣.....♣♣ ...##...#
#....##......._.... #.....#.###
#.........♣♣.....♣♣
##.#......#####.....#...♣..♣.♣..♣


You could see a yak.

Vanquished Creatures
  2 yaks (D:4)
  An ice beast (D:4)
  A scorpion (D:3)
  A jelly (D:3)
  A hound (D:4)
  An orc priest (D:4)
  An iguana (D:4)
  2 orc wizards
  8 adders
  A worm (D:4)
  2 dart slugs
  13 orcs
  7 ball pythons
  5 bats
  9 endoplasms
  A giant cockroach (D:1)
  5 hobgoblins
  8 kobolds
  3 quokkas
  3 frilled lizards (D:1)
  2 goblins
  12 rats
89 creatures vanquished.

Notes
Turn   | Place    | Note
-------+----------+-------------------------------------------
     0 | D:1      | GimliDwarf the Tengu Conjurer began the quest for the Orb.
     0 | D:1      | Reached XP level 1. HP: 10/10 MP: 4/4
   116 | D:1      | Found a faded altar of an unknown god.
   168 | D:1      | Reached XP level 2. HP: 15/15 MP: 0/6
   226 | D:1      | Learned a level 2 spell: Searing Ray
   491 | D:1      | Reached skill level 6 in Conjurations
  1032 | D:1      | Reached XP level 3. HP: 19/19 MP: 4/7
  1461 | D:2      | Reached XP level 4. HP: 24/24 MP: 0/8
  1637 | D:2      | You fall into a shaft and drop 1 floor!
  1795 | D:3      | Reached skill level 1 in Staves
  1795 | D:3      | Reached skill level 1 in Armour
  1961 | D:3      | Gained mutation: Your magical nature lets you fly swiftly
                  | and evasively. [Tengu growth]
  1961 | D:3      | Reached XP level 5. HP: 28/28 MP: 8/10
  2214 | D:2      | Reached skill level 1 in Evocations
  2772 | D:3      | Reached skill level 7 in Conjurations
  3362 | D:4      | Reached XP level 6. HP: 27/32 MP: 7/11
  3416 | D:4      | Identified a scroll of acquirement
  3416 | D:4      | Acquired a staff of conjuration
  3681 | D:4      | Found a staircase to the Ecumenical Temple.
  3693 | Temple   | Entered the Ecumenical Temple
  3871 | Temple   | Became a worshipper of Qazlal Stormbringer
  3971 | D:4      | Found a bloodstained altar of Trog.
  4282 | D:5      | Entered Level 5 of the Dungeon
  4312 | D:5      | Noticed an ice beast
  4324 | D:5      | Found a glowing drain.
  4330 | D:5      | Noticed a yak
  4330 | D:5      | Noticed a yak
  4332 | D:5      | Noticed a water moccasin
  4437 | D:5      | Noticed Grinder
  4437 | D:5      | Noticed Eustachio
  4490 | D:5      | Noticed a yak
  4501 | D:4      | Killed a yak
  4502 | D:4      | Reached skill level 8 in Conjurations
  4502 | D:4      | Reached XP level 7. HP: 25/36 MP: 5/14
  4849 | D:4      | Killed a yak
  5059 | D:4      | Slain by a yak

Illustrated notes

Levels and vault maps discovered:
D:1:      elethiomel_arrival_shortcut, layout_loops_ring,
          shapermc_ecumenical_altar_acropolis
D:2:      layout_basic
D:3:      layout_rooms, amcnicky_mini_rare_corridor_liquid,
          hangedman_feature_mirror
D:4:      layout_rooms, mainiacjoe_overflow_small_starburst,
          minmay_temple_entry_slanted
D:5:      layout_basic, lemuel_doored_altar, portal_sewer_entry_c,
          chequers_serial_rivers_micro_e, uniq_eustachio, uniq_grinder
Temple:   eino_temple_scatter_basement

Skill      XL: |  1  2  3  4  5  6  7 |
---------------+----------------------+-----
Conjurations   | 6 7 8 |  8.8
Staves         | 1 2 |  2.4
Armour         | 1 2 |  2.4
Evocations     | 1 2 |  2.1
Spellcasting   | 3 4 |  4.6
Dodging        | |  2.3
Stealth        | |  2.0

Action                   |  1- 3 |  4- 6 |  7- 9 || total
-------------------------+-------+-------+-------++-------
Melee: Staff             |       |     3 |     3 ||     6
       Kick              |       |     2 |     2 ||     4
       Peck              |       |     2 |     1 ||     3
 Cast: Magic Dart        |    52 |    54 |       ||   106
       Searing Ray       |     6 |    19 |     6 ||    31
  Use: Scroll            |       |    14 |       ||    14
       Potion            |       |     2 |       ||     2
Armor: Robe              |       |     2 |     6 ||     8
Dodge: Dodged            |     1 |    14 |    31 ||    46
